 Dungeon Crawl Stone Soup version 0.29-a0-82-g837932c90e (webtiles) character file.

Game seed: 14054869503836514353

721 lordive the Chiller (level 7, -7/85 HPs)
             Began as a Naga Ice Elementalist on Feb 4, 2022.
             Was a Follower of Cheibriados.
             Mangled by Prince Ribbit (13 damage)
             ... on level 5 of the Dungeon.
             The game lasted 00:09:38 (5461 turns).

lordive the Chiller (Naga Ice Elementalist)         Turns: 5461, Time: 00:09:39

Health: -7/85      AC: 30    Str: 12    XL:     7   Next: 71%
Magic:  1/14       EV:  1    Int: 19    God:    Cheibriados [*.....]
Gold:   214        SH:  0    Dex: 14    Spells: 4/15 levels left

rFire   . . .      SeeInvis +   f - +0 spear
rCold   . . .      Faith    .   (no shield)
rNeg    . . .      Spirit   .   (armour currently unavailable)
rPois   +          Reflect  .   (helmet currently unavailable)
rElec   .          Harm     .   (cloak currently unavailable)
rCorr   .          Rampage  .   (gloves currently unavailable)
Will    .....      NoTele   +   (no barding)
Stlth   ++........              (no amulet)
HPRegen 0.24/turn               (no ring)
MPRegen 0.14/turn               (no ring)

@: ice-armoured, tree-form, freezing walls, attractive, very slow
A: stationary, stasis, torment immunity, boosted hp, AC +2, large, see
invisible, (deformed body), (poison resistance), (slowness 2), spit poison 1,
(naga tail 1)
a: Spit Poison, Renounce Religion, Bend Time


You were on level 5 of the Dungeon.
You worshipped Cheibriados.
Cheibriados was aware of your devotion.
You were a tree.
You visited 1 branch of the dungeon, and saw 5 of its levels.

You collected 214 gold pieces.

Inventory:

Hand Weapons
 f - a +0 spear (weapon)
Armour
 a - a +0 robe
 e - a +0 leather armour (melded)
 u - a +1 helmet (melded)
Magical Staves
 h - a staff of death
Jewellery
 m - a ring of willpower
Wands
 r - a wand of iceblast (6)
Scrolls
 b - a scroll of fear {unknown}
 g - a scroll of holy word {unknown}
 i - a scroll of blinking {unknown}
 j - a scroll of fog {unknown}
 k - a scroll of magic mapping {unknown}
 l - 2 scrolls of identify {unknown}
 n - 2 scrolls of immolation {unknown}
 s - 2 scrolls of teleportation {unknown}
Potions
 o - 3 potions of flight {unknown}
 p - a potion of haste {unknown}
 q - a potion of brilliance {unknown}
 t - 5 potions of curing {unknown}
 v - 2 potions of resistance {unknown}


   Skills:
 + Level 1.6 Fighting
 + Level 0.2 Polearms
 * Level 1.6 Armour
 * Level 2.3 Dodging
 - Level 3.3 Stealth
 * Level 1.8 Shields
 * Level 4.8 Spellcasting
 * Level 1.5 Conjurations
 * Level 5.7 Ice Magic


You had 4 spell levels left.
You knew the following spells:

 Your Spells              Type           Power      Damage    Failure   Level
a - Freeze                Ice            100%       1d11      1%          1
b - Frozen Ramparts       Ice            52%        1d7       3%          3
c - Ozocubu's Armour      Ice            26%        N/A       3%          3
d - Hailstorm             Conj/Ice       18%        3d6       28%         4

Your spell library contained the following spells:

 Spells                   Type           Power      Damage    Failure   Level


Dungeon Overview and Level Annotations

Branches:
Dungeon (5/15)
 Temple: D:4-7

Altars:
Cheibriados
Elyvilon
Okawaru

Shops:
D:1 [*   D:2 =

Annotations:
D:5 Prince Ribbit


Innate Abilities, Weirdness & Mutations

You are a tree.
Your roots penetrate the ground, keeping you stationary.
You cannot be teleported.
You are immune to unholy pain and torment.
Your maximum health is greatly increased.
Your equipment is partially melded.
((Your serpentine skin is tough. (AC +2)))
You have supernaturally acute eyesight. (SInv)
((Armour fits poorly on your strangely shaped body.))
((Your system is resistant to poisons. (rPois)))
((You cover ground very slowly.))
You can spit poison.
((You have a snake-like lower body.))


Message History

[a stone wall.]
The walls around you are covered in ice.
Prince Ribbit hops awkwardly around.
The wall freezes Prince Ribbit.
Prince Ribbit seems to slow down.
The wall freezes Prince Ribbit.
Prince Ribbit hits you!
* * * LOW HITPOINT WARNING * * *
Casting: Frozen Ramparts (dangerous; 4% risk of failure)
Confirm with . or Enter, or press ? or * to list all spells.
Aiming: Freeze (safe; 1% risk of failure)
Press: ? - help, Shift-Dir - straight line, f - Prince Ribbit
Aim: Prince Ribbit (moderately wounded, slow)
Okay, then.
Casting: Freeze (safe; 1% risk of failure)
Confirm with . or Enter, or press ? or * to list all spells.
A film of ice covers your body!
Unknown command.
Casting: Ozocubu's Armour (dangerous; 4% risk of failure)
Confirm with . or Enter, or press ? or * to list all spells.
You don't have enough magic to cast this spell.
Unknown command.
You are too injured to fight recklessly!
Unknown command.
You closely miss Prince Ribbit.
Prince Ribbit is moderately wounded.
The wall freezes Prince Ribbit.
Prince Ribbit hits you but does no damage.
You completely miss Prince Ribbit.
Prince Ribbit is moderately wounded.
The wall freezes Prince Ribbit.
Prince Ribbit hits you.
* * * LOW HITPOINT WARNING * * *
Unknown command.
It was a potion of attraction.
You feel attractive to monsters.
The wall freezes Prince Ribbit!
Prince Ribbit closely misses you.
It was a potion of lignification.
You turn into a tree.
Your +1 helmet melds into your body.
Your +0 leather armour melds into your body.
Your roots penetrate the ground.
The wall freezes Prince Ribbit.
Prince Ribbit hits you!
You die...

##...# #.....# ###
#.....##.....# #..
.......#)....#######.#
#.........>........
##...#####.#)######
##..## #.#.#
..###+###..# #.#.#
#.......#..# #....
##....♣###........
##..F## #........ ##.#
#......? ... .... ...
.?. #### ##


You could see Prince Ribbit (slow).

Vanquished Creatures
  2 ogres
  A bullfrog (D:4)
  A scorpion (D:4)
  3 killer bees (D:5)
  A jelly (D:4)
  An iguana (D:4)
  Natasha (thrice) (D:3)
  A scorpion zombie (D:5)
  7 adders
  An ufetubus (D:4)
  2 worms
  A dart slug (D:3)
  7 orcs
  6 endoplasms
  3 giant cockroaches
  8 hobgoblins
  4 quokkas
  6 ball pythons
  A ball python skeleton (D:3)
  6 bats
  2 frilled lizards (D:1)
  9 goblins
  7 kobolds
  2 rats
85 creatures vanquished.

Vanquished Creatures (others)
  A withered plant (D:1)
1 creature vanquished.

Grand Total: 86 creatures vanquished

Notes
Turn   | Place    | Note
-------+----------+-------------------------------------------
     0 | D:1      | lordive the Naga Ice Elementalist began the quest for the
                  | Orb.
     0 | D:1      | Reached XP level 1. HP: 15/15 MP: 3/3
    89 | D:1      | Found Qaeke's General Store.
   544 | D:1      | Found Gejuuhuy's Antique Armour Emporium.
   613 | D:1      | Reached XP level 2. HP: 18/22 MP: 0/5
   741 | D:1      | Found a faded altar of an unknown god.
  1422 | D:2      | Reached XP level 3. HP: 26/28 MP: 3/6
  1812 | D:2      | Found Fuleih's Jewellery Emporium.
  2241 | D:2      | Reached XP level 4. HP: 33/36 MP: 4/8
  2570 | D:3      | Learned a level 3 spell: Frozen Ramparts
  2574 | D:3      | Learned a level 3 spell: Ozocubu's Armour
  2702 | D:3      | Reached skill level 1 in Shields
  2892 | D:3      | Noticed Natasha
  2907 | D:3      | Killed Natasha
  2940 | D:3      | Noticed Natasha
  2946 | D:3      | Killed Natasha
  2947 | D:3      | Reached XP level 5. HP: 19/43 MP: 2/10
  3158 | D:3      | Noticed Natasha
  3168 | D:3      | Killed Natasha
  3169 | D:3      | Reached skill level 1 in Armour
  3342 | D:3      | Found a snail-covered altar of Cheibriados.
  3538 | D:3      | Became a worshipper of Cheibriados the Contemplative
  3563 | D:3      | Identified the +2 robe "Wealipea" {Str+3 Int+5}
  3581 | D:3      | Found an iron altar of Okawaru.
  4046 | D:4      | Reached skill level 1 in Fighting
  4145 | D:4      | Reached XP level 6. HP: 46/51 MP: 5/11
  4376 | D:4      | Reached skill level 1 in Conjurations
  4376 | D:4      | Reached skill level 5 in Ice Magic
  4501 | D:4      | Reached * piety under Cheibriados
  4502 | D:4      | Reached XP level 7. HP: 37/57 MP: 3/13
  4663 | D:4      | Learned a level 4 spell: Hailstorm
  4763 | D:4      | Found a white marble altar of Elyvilon.
  5078 | D:5      | Entered Level 5 of the Dungeon
  5451 | D:5      | Noticed Prince Ribbit
  5461 | D:5      | Mangled by Prince Ribbit

Illustrated notes

Levels and vault maps discovered:
D:1:      roderic_dead_forest, layout_basic, ebering_ecumenical_altar_petrified,
          serial_shops, shop_coins, shop, lemuel_old_faithful
D:2:      layout_loops_ring, serial_shops, nicolae_shop_stone,
          kennysheep_generic_room_10
D:3:      layout_rooms, mainiacjoe_overflow_24_doors, okawaru_ov_weapons_minmay,
          minmay_fractal_squares_5, uniq_natasha
D:4:      layout_basic, kennysheep_mini
D:5:      layout_basic, general_overflow_altar,
          minmay_overflow_temple_star_quad, nicolae_ossuary_entry_giza,
          uniq_prince_ribbit1

Skill      XL: |  1  2  3  4  5  6 |
---------------+-------------------+-----
Spellcasting   | 3 4 |  4.8
Shields        | 1 |  1.8
Armour         | 1 |  1.6
Fighting       | 1 |  1.6
Dodging        | 2 |  2.3
Conjurations   | 1 |  1.5
Ice Magic      | 5 |  5.7
Polearms       | |  0.2
Stealth        | |  3.3

Action                   |  1- 3 |  4- 6 |  7- 9 || total
-------------------------+-------+-------+-------++-------
Melee: Unarmed           |     4 |       |       ||     4
       Spear             |     8 |     6 |    19 ||    33
 Cast: Freeze            |    53 |    29 |     5 ||    87
       Frozen Ramparts   |       |    15 |     9 ||    24
       Ozocubu's Armour  |       |     4 |     3 ||     7
 Abil: Spit Poison       |     2 |       |       ||     2
  Use: Potion            |       |       |     2 ||     2
 Stab: Sleeping          |     2 |     1 |       ||     3
Armor: Robe              |     6 |    11 |       ||    17
       Leather armour    |       |       |    16 ||    16
Dodge: Dodged            |    24 |    34 |    19 ||    77

Table legend: (Time is in decaauts)
 A = Elapsed time spent in this place.
 B = Non-inter-level travel time spent in this place.
 C = Inter-level travel time spent in this place.
 D = Time resting spent in this place.
 E = Time spent auto-exploring this place.
 F = Levels seen in this place.
 G = Mean time per level.
                   A        B        C        D        E       F      G
               +--------+--------+--------+--------+--------+-----+--------+
         Total |   6879 |   6700 |    179 |    268 |   5576 |   5 | 1375.8 |
       Dungeon |   6879 |   6700 |    179 |    268 |   5576 |   5 | 1375.8 |
               +--------+--------+--------+--------+--------+-----+--------+

Top non-repeatable levels by time:
     D:4: 1918 daAuts
     D:2: 1625 daAuts
     D:1: 1467 daAuts
     D:3: 1444 daAuts
     D:5: 424 daAuts
